 Dungeon Crawl Stone Soup version 0.16-a0-3636-gf0307c9 (webtiles) character file.

429 Rebelfire the Sneak (level 6, -1/43 HPs)
             Began as an Octopode Monk on Jan 15, 2015.
             Killed by divine providence
             ... invoked by an orc priest
              (16 damage)
             ... on level 5 of the Dungeon.
             The game lasted 00:48:19 (3967 turns).

Rebelfire the Sneak (Octopode Monk)                 Turns: 3967, Time: 00:48:19

Health: -1/43      AC:  2    Str: 10    XL:     6   Next: 98%
Magic:  6/6        EV: 15    Int: 13    God:
Gold:   196        SH:  0    Dex: 16    Spells: 0 memorised, 5 levels left

rFire  . . .     SeeInvis .     a - +0 short sword (speed)
rCold  . . .     Clarity  .     (no shield)
rNeg   . . .     SustAb   +     (helmet restricted)
rPois  .         Gourm    +     h - amulet of the gourmand
rElec  .         Spirit   .     n - ring of wizardry
rCorr  .         Warding  .     m - ring of sustain abilities
rMut   .         Stasis   .     v - ring of flight
MR     .....                    (no ring)
Stlth  +++++.....               (no ring)
                                (no ring)
                                (no ring)
                                (no ring)

@: not resistant to hostile enchantments, quite stealthy
A: almost no armour, amphibious, 8 rings, constrict 8, icy blue scales 1,
camouflage 1, gelatinous body 1
a: Evoke Flight


You were on level 5 of the Dungeon.
You were not hungry.

You visited 1 branch of the dungeon, and saw 5 of its levels.

You collected 473 gold pieces.
You spent 277 gold pieces at shops.

Inventory:

Hand weapons
 a - a +0 short sword of speed (weapon)
 c - a +0 dagger of venom
 t - a +0 dagger of pain
Jewellery
 h - an amulet of the gourmand (around mantle)
 m - a ring of sustain abilities (right tentacle)
 n - a ring of wizardry (left tentacle)
 v - a ring of flight (on tentacle)
 z - an uncursed ring of wizardry
Scrolls
 f - 4 scrolls of identify
 i - a scroll of enchant weapon
 o - a scroll of random uselessness
 q - a scroll of fear {unknown}
 u - a scroll of remove curse
 w - a scroll of teleportation {unknown}
 x - a scroll of enchant armour
Potions
 d - a potion of heal wounds
 e - a potion of flight {unknown}
 g - 4 potions of invisibility {unknown}
 j - 2 potions of curing
 k - a potion of mutation {unknown}
 p - 2 potions of might {unknown}
 s - a potion of experience {unknown}
Books
 r - a book of Geomancy

   Spells                             Type                      Level
   a - Sandblast                      Earth                        1
   b - Stoneskin                      Transmutation/Earth          2
   c - Passwall                       Transmutation/Earth          3
   d - Stone Arrow                    Conjuration/Earth            3
   e - Petrify                        Transmutation/Earth          4
   f - Lee's Rapid Deconstruction     Earth                        5
 y - a tome of Destruction
Comestibles
 b - 4 bread rations
 l - a meat ration
 A - a slice of pizza


   Skills:
 + Level 4.2 Fighting
 + Level 1.9 Short Blades
 + Level 4.7 Dodging
 - Level 6.1 Stealth
 - Level 4.6 Unarmed Combat
 * Level 0.0 Evocations


You had 5 spell levels left.
You didn't know any spells.

Dungeon Overview and Level Annotations

Branches:
Dungeon (5/15)
 Temple: D:4-7

Altars:
Cheibriados
Dithmenos
Qazlal
Vehumet
Zin

Shops:
D:4 :?

Annotations:
D:4 there is an @


Innate Abilities, Weirdness & Mutations

You cannot wear most types of armour.
You are amphibious.
You can wear up to eight rings at the same time.
You can use your tentacles to constrict many enemies at once.
Your skin changes colour to match your surroundings (Stealth).
Your rubbery body absorbs attacks (AC +1).
You are partially covered in icy blue scales (AC +1).


Message History

Something smites you!
The orc priest invokes the aid of Beogh against you.
Something smites you!
The orc priest looks braver.
You hit the orc. You grab the orc. You squeeze the orc.
The orc is heavily wounded.
You constrict the orc. You barely miss the orc. You squeeze the orc.
You kill the orc!
The orc priest invokes the aid of Beogh against you.
Pain shoots through your body!
Things that are here:
a hand axe; an orc corpse The orc priest hits you but does no damage.
You hit the orc priest. You grab the orc priest. You squeeze the orc priest!
The orc priest is heavily wounded.
You constrict the orc priest, but do no damage.
The orc priest mumbles some strange prayers to Beogh against you.
Something smites you!
You die...

..).....########....####
.......................########
.......o..................>.....
........##...##.........#
##########...##.#######.#
#...##.#######)#
#...##..#...##.#
#...###o#...##.# #####
#@#...##.# #.#...##.# #)#......#
#.#......# #..##....# ##.#####.#
#..# #.# ##.## #.# ##..###.#


You could see an orc priest.

Vanquished Creatures
  An ogre (D:4)
  Blork the orc (D:4)
  A crimson imp (D:5)
  An orc priest (D:4)
  A hound (D:5)
  A worker ant (D:4)
  2 orc wizards (D:4)
  An adder (D:2)
  2 giant mites
  A worm (D:2)
  An ooze (D:2)
  13 orcs
  A bat zombie (D:5)
  2 giant cockroaches
  6 goblins
  7 hobgoblins
  7 jackals
  8 kobolds
  3 quokkas
  A ball python (D:4)
  A ball python skeleton (D:4)
  11 bats
  2 giant geckos (D:3)
  2 giant gecko skeletons (D:4)
  2 giant newts
  8 rats
  2 fungi (D:3)
89 creatures vanquished.

Notes
Turn   | Place    | Note
--------------------------------------------------------------
     0 | D:1      | Rebelfire, the Octopode Monk, began the quest for the Orb.
     0 | D:1      | Reached XP level 1. HP: 16/16 MP: 1/1
   253 | D:1      | Reached XP level 2. HP: 9/21 MP: 2/2
   985 | D:2      | Reached XP level 3. HP: 19/26 MP: 3/3
  1700 | D:3      | Reached XP level 4. HP: 25/31 MP: 4/4
  2228 | D:4      | Found Keol's Book Shoppe.
  2257 | D:4      | Reached XP level 5. HP: 16/36 MP: 5/5
  2439 | D:4      | Noticed Blork the orc
  2448 | D:4      | Gained mutation: You are partially covered in icy blue scales (AC +1). [potion of beneficial mutation]
  2451 | D:4      | Killed Blork the orc
  2451 | D:4      | Reached skill level 1 in Short Blades
  2451 | D:4      | Reached skill level 5 in Stealth
  2603 | D:4      | Noticed an ogre
  2612 | D:4      | Killed an ogre
  2612 | D:4      | Reached XP level 6. HP: 41/43 MP: 6/6
  3294 | D:4      | Found a stormy altar of Qazlal.
  3294 | D:4      | Found a shadowy altar of Dithmenos.
  3367 | D:4      | Found a radiant altar of Vehumet.
  3511 | D:4      | Found Milal's Magic Scroll Emporium.
  3579 | D:4      | Bought a scroll of enchant armour for 97 gold pieces
  3774 | D:4      | Bought a tome of Destruction for 180 gold pieces
  3787 | D:5      | Entered Level 5 of the Dungeon
  3806 | D:5      | Found a glowing silver altar of Zin.
  3816 | D:5      | Found a snail-covered altar of Cheibriados.
  3901 | D:5      | Reached skill level 6 in Stealth
  3967 | D:5      | Killed from afar by an orc priest

Action                   |  1- 3 |  4- 6 || total
-------------------------+-------+-------++-------
Melee: Dagger            |    83 |    67 ||   150
       Unarmed           |     1 |       ||     1
       Short sword       |       |    75 ||    75
Evoke: tome              |       |     2 ||     2
  Use: Scroll            |     3 |     1 ||     4
       Potion            |       |     5 ||     5
 Stab: Sleeping          |     5 |     8 ||    13
  Eat: Chunk             |     5 |     4 ||     9
       Bread ration      |       |     1 ||     1
